 Dungeon Crawl Stone Soup version 0.28-a0-938-gbc3f381ebc (webtiles) character file.

Game seed: 5704775480934776860

242 ytrimaz the Grave Robber (level 5, -9/35 HPs)
             Began as a Demonspawn Necromancer on Nov 28, 2021.
             Killed by divine providence
             ... invoked by an orc priest
              (15 damage)
             ... on level 3 of the Dungeon.
             The game lasted 00:04:26 (2870 turns).

ytrimaz the Grave Robber (Demonspawn Necromancer)   Turns: 2870, Time: 00:04:27

Health: -9/35      AC:  2    Str:  8      XL:     5   Next: 81%
Magic:  10/10      EV: 12    Int:  9 (17) God:
Gold:   73         SH:  0    Dex: 14      Spells: 7/11 levels left

rFire   . . .      SeeInvis .   d - +9 staff of Wucad Mu {*channel}
rCold   . . .      Faith    .   (no shield)
rNeg    . . .      Spirit   .   a - +0 robe
rPois   .          Reflect  .   (no helmet)
rElec   .          Harm     .   (no cloak)
rCorr   .          Rampage  .   (no gloves)
Will    .....                   (no boots)
Stlth   ++........              c - amulet of magic regeneration
HPRegen 0.11/turn               (no ring)
MPRegen 0.52/turn               (no ring)

@: about to teleport
A: demonic guardian 2
a: no special abilities


You were on level 3 of the Dungeon.
You visited 1 branch of the dungeon, and saw 3 of its levels.

You collected 73 gold pieces.

Inventory:

Hand Weapons
 d - the +9 staff of Wucad Mu (weapon) {*channel}
   (You acquired it on level 1 of the Dungeon)

   It occasionally powers its wielder's spells, but with a chance of causing
   confusion or draining the wielder's intelligence.
   It becomes more likely to activate and less likely to backfire with increased
   Evocations skill.
Armour
 a - a +0 robe (worn)
Jewellery
 c - an amulet of magic regeneration (around neck)
Scrolls
 g - a scroll of identify
Potions
 b - a potion of might {unknown}
 f - a potion of brilliance


   Skills:
 * Level 1.7 Staves
 - Level 1.7 Dodging
 - Level 1.7 Stealth
 + Level 3.5 Spellcasting
 + Level 6.0 Necromancy
 * Level 1.7 Evocations


You had 7 spell levels left.
You knew the following spells:

 Your Spells              Type           Power      Damage    Failure   Level
a - Pain                  Necr           48%        1d6       2%          1
b - Vampiric Draining     Necr           12%        2d6       7%          3

Your spell library contained the following spells:

 Spells                   Type           Power      Damage    Failure   Level
 Animate Skeleton         Necr           24%        N/A       2%          1
 Animate Dead             Necr           6%         N/A       24%         4
 Foxfire                  Conj/Fire      4%         2x1d4     28%         1
 Freeze                   Ice            4%         1d3       28%         1
 Agony                    Necr           12%        N/A       54%         5
 Conjure Flame            Conj/Fire      1%         6-21      65%         3
 Frozen Ramparts          Ice            2%         1d2       65%         3
 Ignite Poison            Fire/Tmut/Pois 1%         N/A       65%         3
 Inner Flame              Hex/Fire       1%         N/A       65%         3
 Flame Wave               Conj/Fire      1%         2d4       96%         4
 Hailstorm                Conj/Ice       1%         3d3       96%         4
 Ice Form                 Ice/Tmut       1%         N/A       96%         4
 Sticky Flame             Conj/Fire      1%         2d3       96%         4
 Summon Ice Beast         Ice/Summ       1%         N/A       96%         4


Dungeon Overview and Level Annotations

Branches:
Dungeon (3/15)

Altars:

Shops:
D:2 (


Innate Abilities, Weirdness & Mutations

A demonic guardian rushes to your aid.


Message History

You are very lightly contaminated with residual magic.
Nothing appears to happen.
An orc priest comes into view. It is wielding a +0 whip.
The orc wizard writhes in agony.
The orc wizard struggles to resist.
The orc wizard points at you and mumbles some strange words.
You are confused.
You see here a +0 dagger.
You're too confused to cast spells.
You bump into the rock wall.
Your magical contamination has completely faded away.
You're too confused to cast spells.
The orc wizard mumbles some strange words.
The orc wizard flickers and vanishes!
Deactivating autopickup; reactivate with Ctrl-A.
The orc priest invokes the aid of Beogh against you.
Beogh smites you!
* * * LOW HITPOINT WARNING * * *
A demonic guardian appears!
You barely miss your orange demon.
The orc priest looks braver for a moment.
Unknown command.
You bump into the rock wall.
A magic dart appears from out of thin air!
The magic dart hits your orange demon!
Unknown command.
You hit your orange demon but do no damage.
Your orange demon is lightly wounded.
You feel less confused.
Something barely misses your orange demon.
Something hits your orange demon.
Unknown command.
The orc priest casts a cantrip, but nothing happens.
As you read the scroll of teleportation, it crumbles to dust.
You feel strangely unstable. Something hits your orange demon.
A puff of flame appears from out of thin air!
The puff of flame hits your orange demon!
The orc priest calls down the wrath of Beogh upon you.
Beogh smites you!
You die...

#.......#####†...# #.......#
#...............## ##.......
#.......######..########.......#
#####'### #.....o...o.))......#
#.######..†.{#######......##
#.##...+.....# #......##
#.##.###....4# #......##
#.#..........# #......##
#.#........@.# ########
#.#..........#
######.##.######### .......##.#
..........# ..........#
..........# ......###.#
..........#


You could see an orc priest and a friendly orange demon (summoned).

Vanquished Creatures
  4 adders
  2 dart slugs (D:2)
  2 orcs (D:3)
  5 ball pythons
  4 endoplasms
  2 giant cockroaches
  3 goblins
  3 hobgoblins
  6 quokkas
  5 bats
  2 frilled lizards
  4 kobolds
  2 rats
44 creatures vanquished.

Vanquished Creatures (collateral kills)
  Sigmund (D:2)
  A bat (D:2)
2 creatures vanquished.

Grand Total: 46 creatures vanquished

Notes
Turn   | Place    | Note
-------+----------+-------------------------------------------
     0 | D:1      | ytrimaz the Demonspawn Necromancer began the quest for the
                  | Orb.
     0 | D:1      | Reached XP level 1. HP: 13/13 MP: 3/3
   334 | D:1      | Gained mutation: A weak demonic guardian rushes to your
                  | aid. [demonic ancestry]
   334 | D:1      | Reached XP level 2. HP: 18/19 MP: 3/5
   418 | D:1      | Found a faded altar of an unknown god.
   713 | D:1      | Acquired the +9 staff of Wucad Mu {*channel}
   713 | D:1      | Found the +9 staff of Wucad Mu {*channel}
   837 | D:1      | Reached skill level 5 in Necromancy
   998 | D:2      | Gained mutation: A demonic guardian rushes to your aid.
                  | [demonic ancestry]
   998 | D:2      | Reached XP level 3. HP: 9/24 MP: 0/6
  1391 | D:2      | Noticed Sigmund
  1515 | D:2      | Found Toxideul's Antique Weapon Shoppe.
  1604 | D:2      | Learned a level 3 spell: Vampiric Draining
  2098 | D:2      | Killed Sigmund
  2099 | D:2      | Reached skill level 1 in Staves
  2099 | D:2      | Reached skill level 1 in Evocations
  2099 | D:2      | Reached XP level 4. HP: 6/30 MP: 7/9
  2099 | D:2      | Reached XP level 5. HP: 7/35 MP: 7/10
  2644 | D:3      | Reached skill level 6 in Necromancy
  2870 | D:3      | Killed from afar by an orc priest

Illustrated notes

Levels and vault maps discovered:
D:1:      amcnicky_arrival_blooded_trapdoor, layout_basic,
          chequers_ecumenical_altar_simple_redux
D:2:      layout_loops_ring, serial_shops, nicolae_shop_trees, chequers_avenue,
          uniq_sigmund
D:3:      layout_basic

Skill      XL: |  1  2  3  4  5 |
---------------+----------------+-----
Necromancy     | 5 6 |  6.0
Staves         | 1 |  1.7
Spellcasting   | 3 |  3.5
Evocations     | 1 |  1.7
Dodging        | |  1.7
Stealth        | |  1.7

Action                   |  1- 3 |  4- 6 || total
-------------------------+-------+-------++-------
Melee: Staff             |     9 |     2 ||    11
 Cast: Pain              |    51 |    30 ||    81
       Vampiric Draining |     2 |       ||     2
  Use: Scroll            |     4 |     2 ||     6
       Potion            |     4 |       ||     4
Armor: Robe              |     3 |     3 ||     6
Dodge: Dodged            |    15 |     4 ||    19

Table legend: (Time is in decaauts)
 A = Elapsed time spent in this place.
 B = Non-inter-level travel time spent in this place.
 C = Inter-level travel time spent in this place.
 D = Time resting spent in this place.
 E = Time spent auto-exploring this place.
 F = Levels seen in this place.
 G = Mean time per level.
                   A        B        C        D        E       F      G
               +--------+--------+--------+--------+--------+-----+--------+
         Total |   2870 |   2832 |     38 |    370 |   2119 |   3 |  956.7 |
       Dungeon |   2870 |   2832 |     38 |    370 |   2119 |   3 |  956.7 |
               +--------+--------+--------+--------+--------+-----+--------+

Top non-repeatable levels by time:
     D:2: 1460 daAuts
     D:1: 947 daAuts
     D:3: 462 daAuts
